 Dungeon Crawl Stone Soup version 0.18.1-8-gdd0e5ea (webtiles) character file.

650 deorigin the Basher (level 7, -3/66 HPs)
             Began as an Ogre Hunter on June 5, 2016.
             Was an Initiate of Okawaru.
             Killed from afar by an orc wizard (8 damage)
             ... with a puff of frost
             ... on level 5 of the Dungeon.
             The game lasted 00:11:25 (6666 turns).

deorigin the Basher (Ogre Hunter)                   Turns: 6666, Time: 00:11:25

Health: -3/66      AC:  4    Str: 18    XL:     7   Next: 53%
Magic:  8/8        EV:  7    Int: 10    God:    Okawaru [......]
Gold:   297        SH:  5    Dex: 12    Spells: 0 memorised, 6 levels left

rFire  . . .     SeeInvis .     v - +0 flail
rCold  . . .     Gourm    .     q - +1 robe {MR+}
rNeg   . . .     Faith    .     j - -2 shield (curse)
rPois  .         Spirit   .     (helmet restricted)
rElec  .         Dismiss  .     (no cloak)
rCorr  .         Reflect  .     (gloves unavailable)
SustAt .         Harm     .     (boots unavailable)
MR     +....                    h - amulet of rage
Stlth  +.........               (no ring)
                                (no ring)

@: somewhat resistant to hostile enchantments, very unstealthy
A: unfitting armour, tough skin 1
a: Renounce Religion, Evoke Berserk Rage


You were on level 5 of the Dungeon.
You worshipped Okawaru.
Okawaru was noncommittal.
You were hungry.

You visited 2 branches of the dungeon, and saw 6 of its levels.

You collected 297 gold pieces.

Inventory:

Hand Weapons
 a - a +0 short sword
 e - a +1 giant club
 s - a +0 lajatang
 v - a +0 flail (weapon)
 y - a +0 giant club
Missiles
 d - 2 throwing nets
 k - 21 poisoned needles
 D - 5 large rocks (quivered)
Armour
 b - a +1 robe
 j - a cursed -2 shield (worn)
 q - a +1 robe of magic resistance (worn)
Jewellery
 h - an amulet of rage (around neck)
Scrolls
 i - a scroll of teleportation
 l - 4 scrolls of magic mapping
 t - a scroll of blinking {unknown}
Potions
 g - 2 potions of resistance {unknown}
 m - 3 potions of cancellation {unknown}
 n - 4 potions of curing {unknown}
 o - 4 potions of heal wounds {unknown}
 r - a potion of brilliance {unknown}
 u - 2 potions of ambrosia {unknown}
 w - a potion of cure mutation {unknown}
 x - 2 potions of haste {unknown}
 z - 3 potions of berserk rage {unknown}
 A - a potion of beneficial mutation {unknown}
 C - 2 potions of degeneration {unknown}
 E - a potion of mutation {unknown}
Comestibles
 c - 3 chunks of flesh
 f - 5 bread rations
 p - 2 meat rations
 B - a beef jerky


   Skills:
 - Level 2.6 Fighting
 + Level 8.1 Maces & Flails
 - Level 5.3 Throwing
 - Level 1.7 Dodging
 - Level 0.7 Stealth
 - Level 2.4 Evocations


You had 6 spell levels left.
You didn't know any spells.

Dungeon Overview and Level Annotations

Branches:
Dungeon (5/15)             Temple (1/1) D:4

Altars:
Ashenzari
Cheibriados
Dithmenos
Elyvilon
Gozag
Kikubaaqudgha
Nemelex Xobeh
Okawaru
Pakellas
Sif Muna
Trog
Vehumet
Yredelemnul
The Shining One

Annotations:
D:4 deorigin's ghost, novice OgBe


Innate Abilities, Weirdness & Mutations

You are too large for most types of armour.
You have tough skin (AC +1).


Message History

A puff of frost appears from out of thin air!
The puff of frost hits you! Something hits you.
You sock something! You block something's attack.
The crimson imp grinds its teeth.
You hear some strange, mumbled words.
A puff of flame appears from out of thin air!
The puff of flame hits you!
* * * LOW HITPOINT WARNING * * *
You closely miss something. Something hits you.
* * * LOW HITPOINT WARNING * * *
The crimson imp blinks!
You miss something. Something hits you.
* * * LOW HITPOINT WARNING * * *
Something hits you.
* * * LOW HITPOINT WARNING * * *
Okay, then.
You hear some strange, mumbled words.
A puff of frost appears from out of thin air!
The puff of frost hits you!
You die...

..#.# #. #.....# ....#
#.###.....# ...#
#...#.....# ..#
####.......# .
..#####..........# ..
........##.#.....# ...
.......###.......# ...!
........###......# .....
.........#.....#@###......
.............#....{Zo.5...
.....>.........#(###......
...............#.# .....
<..#....#.###. ... ....
..........# #..#.# ...
.#...... #..#.# ..
.###.... ## #.# . .# ##.
#..


You could see a crimson imp, an orc and a quokka zombie.

Vanquished Creatures
  A phantom (D:4)
  2 ogres (D:4)
  A howler monkey (D:4)
  2 hounds
  2 orc priests (D:4)
  3 orc wizards
  4 gnolls
  5 adders
  2 worms (D:2)
  2 giant geckos (D:4)
  5 orcs
  3 giant cockroaches
  4 goblins
  9 hobgoblins
  7 jackals
  11 kobolds
  A quokka (D:4)
  8 bats
  2 giant newts
  A jackal skeleton (D:4)
  8 rats
83 creatures vanquished.

Notes
Turn   | Place    | Note
--------------------------------------------------------------
     0 | D:1      | deorigin the Ogre Hunter began the quest for the Orb.
     0 | D:1      | Reached XP level 1. HP: 22/22 MP: 1/1
   716 | D:1      | Reached XP level 2. HP: 28/29 MP: 2/2
  1352 | D:1      | Reached XP level 3. HP: 36/36 MP: 3/3
  1400 | D:1      | Reached skill level 5 in Throwing
  2152 | D:2      | Reached skill level 1 in Maces & Flails
  2224 | D:2      | Reached XP level 4. HP: 36/44 MP: 4/4
  2263 | D:2      | Found a sparkling altar of Nemelex Xobeh.
  2672 | D:2      | Reached skill level 2 in Maces & Flails
  2967 | D:2      | Found a glowing golden altar of the Shining One.
  3454 | D:3      | Reached skill level 3 in Maces & Flails
  3922 | D:4      | Reached skill level 4 in Maces & Flails
  3922 | D:4      | Reached XP level 5. HP: 50/50 MP: 5/5
  3994 | D:4      | Noticed a phantom
  3994 | D:4      | Noticed deorigin's ghost (novice OgBe)
  3995 | D:4      | Found a white marble altar of Elyvilon.
  4090 | D:4      | Noticed an ogre
  4095 | D:4      | Killed an ogre
  4095 | D:4      | Reached skill level 5 in Maces & Flails
  4404 | D:4      | Noticed an ogre
  4412 | D:4      | Killed an ogre
  4412 | D:4      | Reached skill level 6 in Maces & Flails
  4412 | D:4      | Reached XP level 6. HP: 48/59 MP: 6/6
  4582 | D:4      | Found a staircase to the Ecumenical Temple.
  4588 | Temple   | Entered the Ecumenical Temple
  4748 | Temple   | Became a worshipper of Warmaster Okawaru
  4955 | D:4      | Killed a phantom
  4955 | D:4      | Reached skill level 7 in Maces & Flails
  5493 | D:3      | Reached XP level 7. HP: 66/66 MP: 7/7
  5806 | D:3      | Reached skill level 1 in Evocations
  6221 | D:4      | Found an iron altar of Okawaru.
  6465 | D:5      | Entered Level 5 of the Dungeon
  6657 | D:5      | Reached skill level 8 in Maces & Flails
  6666 | D:5      | Killed from afar by an orc wizard

Skill      XL: |  1  2  3  4  5  6  7 |
---------------+----------------------+-----
Throwing       | 5 |  5.3
Maces & Flails | 1 4 6 7 8 |  8.1
Evocations     | 2 |  2.4
Fighting       | |  2.6
Dodging        | |  1.7
Stealth        | |  0.7

Action                   |  1- 3 |  4- 6 |  7- 9 || total
-------------------------+-------+-------+-------++-------
Melee: Short sword       |    87 |       |       ||    87
       Club              |    26 |    55 |       ||    81
       Flail             |       |    99 |   100 ||   199
Throw: Large rock        |    13 |    14 |       ||    27
 Abil: Evoke Berserk Rag |       |     2 |       ||     2
  Use: Scroll            |       |     5 |     1 ||     6
 Stab: Sleeping          |     1 |     2 |       ||     3
  Eat: Chunk             |     1 |    10 |     4 ||    15
       Bread ration      |     1 |       |       ||     1
Armor: Robe              |    42 |    79 |    43 ||   164
Dodge: Dodged            |    40 |    76 |    42 ||   158
Block: Shield            |    23 |    39 |    32 ||    94
